 Dungeon Crawl Stone Soup version 0.26-a0-844-g3dd439832f (webtiles) character file.

Game seed: 6011032037532121986

3509 pablito the Basher (level 10, -4/79 HPs)
             Began as a Formicid Fighter on Nov 18, 2020.
             Was an Elder of Okawaru.
             Killed by divine providence
             ... invoked by an orc priest
              (13 damage)
             ... on level 7 of the Dungeon.
             The game lasted 00:21:06 (6796 turns).

pablito the Basher (Formicid Fighter)               Turns: 6796, Time: 00:21:07

Health: -4/79      AC: 13    Str: 27    XL:     10   Next: 28%
Magic:  11/12      EV: 15    Int: 12    God:    Okawaru [****..]
Gold:   391        SH: 19    Dex: 13    Spells: 9/9 levels left

rFire    . . .     SeeInvis +   a - +3 flail "Ant's Foe" {vorpal, Fragile Str+6 Int+4}
rCold    . . .     Faith    +   c - +5 kite shield
rNeg     . . .     Spirit   .   n - +0 chain mail
rPois    .         Reflect  .   (helmet unavailable)
rElec    .         Harm     .   o - +0 cloak
rCorr    .         Rampage  .   (no gloves)
MR       +....                  (no boots)
Stlth    ..........             p - amulet of faith
HPRegen  0.23/turn              q - +4 ring of evasion
MPRegen  0.13/turn              (no ring)

@: mighty, heroism
A: permanent stasis, dig shafts and tunnels, four strong arms, antennae 3
a: Dig, Shaft Self, Heroism, Renounce Religion


You were on level 7 of the Dungeon.
You worshipped Okawaru.
Okawaru was greatly pleased with you.
You visited 2 branches of the dungeon, and saw 8 of its levels.

You collected 391 gold pieces.

Inventory:

Hand Weapons
 a - the +3 flail "Ant's Foe" (weapon) {vorpal, Fragile Str+6 Int+4}
   (You found it on level 4 of the Dungeon)

   It inflicts extra damage upon your enemies.
   It affects your strength (+6).
   It affects your intelligence (+4).
   It will be destroyed if unequipped.
 m - a +5 flail of holy wrath
Missiles
 k - 51 poisoned darts (quivered)
 C - a throwing net
Armour
 c - a +5 kite shield (worn)
 n - a +0 chain mail (worn)
 o - a +0 cloak (worn)
 s - a +0 plate armour
 B - a +0 chain mail
Jewellery
 p - an amulet of faith (around neck)
 q - a +4 ring of evasion (left hand)
Wands
 g - a wand of digging (8)
 v - a wand of flame (43)
 D - a wand of paralysis (8)
Scrolls
 e - 5 scrolls of remove curse
 j - 2 scrolls of identify
 u - 2 scrolls of fog
 z - a scroll of noise {unknown}
 A - a scroll of fear {unknown}
Potions
 b - 2 potions of resistance {unknown}
 d - a potion of might
 f - a potion of attraction {unknown}
 h - a potion of lignification {unknown}
 l - a potion of mutation {unknown}
 r - a potion of cancellation {unknown}
 t - a potion of flight {unknown}
 w - a potion of degeneration {unknown}
 x - a potion of curing {unknown}


   Skills:
 + Level 7.5(12.5) Fighting
 * Level 8.9(13.9) Maces & Flails
 + Level 5.6(10.6) Armour
 + Level 0.1(5.1) Stealth
 + Level 8.3(13.3) Shields
 + Level 3.8 Invocations
 + Level 4.3 Evocations


You had 9 spell levels left.
You didn't know any spells.
Your spell library was empty.

Dungeon Overview and Level Annotations

Branches:
Dungeon (7/15)             Temple (1/1) D:5

Altars:
Cheibriados
Dithmenos
Elyvilon
Fedhas
Hepliaklqana
Kikubaaqudgha
Makhleb
Okawaru
Qazlal
Ru
Sif Muna
Trog
Uskayaw
Vehumet
Wu Jian
Xom
Yredelemnul
Zin
The Shining One


Innate Abilities, Weirdness & Mutations

You cannot be hasted, slowed, berserked, paralysed or teleported.
You can dig through walls and to a lower floor.
Your four strong arms can wield two-handed weapons with a shield.
You have a pair of large antennae on your head. (SInv)


Message History

You feel very mighty all of a sudden. You block the worker ant's attack.
You hit the worker ant.
The worker ant is heavily wounded.
You block the orc's attack. You block the worker ant's attack.
You hit the worker ant.
The worker ant is almost dead.
The orc priest looks encouraged for a moment.
You block the orc's attack.
You sock the worker ant!
You kill the worker ant!
Okawaru accepts your kill.
The ice beast hits you but does no damage.
You block the orc priest's attack. The orc completely misses you.
You block the centaur skeleton's attack.
You see here a worker ant corpse.
You barely miss the orc priest. The ice beast closely misses you.
The orc priest calls down the wrath of Beogh upon you.
Beogh smites you!
You die...

#.........##...## #####....
###.##....##.###########........
#...#...................###(...
#...#....##........#...>.......
###...###..###....##.............
#.......##.# ####....######....5.
.........### ##....###.......$.
...≈≈≈....######oZ.......####....
..≈≈≈≈≈...##..()@Y...........B...
.≈≈...≈≈...######o...###.Z###....
.≈≈.>.≈≈...# #....####.o.o....
.≈≈...≈≈...# #.....###..##....
..≈≈≈≈≈...## #####....)###.###
...≈≈≈....# ####.........
.....[...## #.###...## #.......##
..# #...# ###...### #.## #.....


You could see an ice beast, an orc priest, an orc and a centaur skeleton.

Vanquished Creatures
  A two-headed ogre (D:6)
  Prince Ribbit (D:6)
  Sigmund (D:4)
  Eustachio (D:4)
  Edmund (D:4)
  An orc warrior (D:7)
  An ice beast (D:7)
  A sky beast (D:4)
  2 phantoms (D:5)
  A centaur (D:7)
  5 ogres
  2 bullfrogs
  A scorpion (D:5)
  7 wights (D:6)
  2 howler monkeys
  2 jellies (D:6)
  A quasit (D:7)
  A centaur skeleton (D:7)
  A centaur zombie (D:5)
  4 orc priests
  A hound (D:7)
  2 orc wizards
  Crazy Yiuf (D:4)
  Jessica (D:7)
  An iguana (D:5)
  Natasha (twice) (D:4)
  4 worker ants
  2 howler monkey skeletons
  A gnoll (D:1)
  9 adders
  2 shadow imps
  2 adder zombies
  An adder skeleton (D:6)
  2 worms
  2 leopard geckos
  21 orcs
  A ball python (D:3)
  6 bats
  7 giant cockroaches
  5 hobgoblins
  7 jackals
  3 quokkas
  7 frilled lizards
  6 goblins
  A jackal skeleton (D:4)
  3 kobolds
  A quokka zombie (D:7)
  3 rats
141 creatures vanquished.

Notes
Turn   | Place    | Note
-------+----------+-------------------------------------------
     0 | D:1      | pablito the Formicid Fighter began the quest for the Orb.
     0 | D:1      | Reached XP level 1. HP: 18/18 MP: 1/1
   114 | D:1      | Reached XP level 2. HP: 13/24 MP: 2/2
   353 | D:1      | Reached XP level 3. HP: 30/30 MP: 3/3
   741 | D:2      | Found an ornate altar of the Wu Jian Council.
  1459 | D:3      | Reached XP level 4. HP: 35/37 MP: 4/4
  1653 | D:3      | Found a bloodstained altar of Trog.
  1793 | D:3      | HP: 1/37 [shadow imp/nerve-wracking pain (13)]
  2240 | D:4      | Found an ancient bone altar of Kikubaaqudgha.
  2246 | D:4      | Noticed a sky beast
  2262 | D:4      | Killed a sky beast
  2263 | D:4      | Reached XP level 5. HP: 24/43 MP: 5/5
  2299 | D:4      | Noticed an ogre
  2322 | D:4      | Killed an ogre
  2323 | D:4      | Reached skill level 5 in Shields
  2323 | D:4      | Reached XP level 6. HP: 7/49 MP: 6/6
  2681 | D:4      | Noticed Eustachio
  3003 | D:4      | Reached skill level 5 in Fighting
  3062 | D:4      | Killed Eustachio
  3063 | D:4      | Reached skill level 5 in Maces & Flails
  3063 | D:4      | Reached XP level 7. HP: 28/56 MP: 7/7
  3236 | D:4      | Noticed Sigmund
  3251 | D:4      | Killed Sigmund
  3538 | D:4      | Found a runed translucent door.
  3539 | D:4      | Noticed Crazy Yiuf
  3539 | D:4      | Noticed Natasha
  3547 | D:4      | Killed Crazy Yiuf
  3556 | D:4      | Killed Natasha
  3671 | D:4      | Noticed Edmund
  3688 | D:4      | Killed Edmund
  3689 | D:4      | Reached XP level 8. HP: 46/64 MP: 8/8
  3826 | D:4      | Noticed Natasha
  3837 | D:4      | Killed Natasha
  3864 | D:4      | Got a faintly glowing flail
  3865 | D:4      | Identified the +3 flail "Ant's Foe" {vorpal, Fragile Str+6
                  | Int+4} (You found it on level 4 of the Dungeon)
  3917 | D:5      | Entered Level 5 of the Dungeon
  4097 | D:5      | Found a shadowy altar of Dithmenos.
  4385 | D:5      | Reached skill level 1 in Evocations
  4474 | D:5      | Found a staircase to the Ecumenical Temple.
  4490 | Temple   | Entered the Ecumenical Temple
  4796 | Temple   | Became a worshipper of Warmaster Okawaru
  5183 | D:6      | Reached XP level 9. HP: 43/71 MP: 9/9
  5376 | D:6      | Reached * piety under Okawaru
  5431 | D:6      | Noticed a two-headed ogre
  5440 | D:6      | Killed a two-headed ogre
  5440 | D:6      | Reached ** piety under Okawaru
  5601 | D:6      | Found a sacrificial altar of Ru.
  5708 | D:6      | Noticed Prince Ribbit
  5739 | D:6      | Killed Prince Ribbit
  5739 | D:6      | Reached *** piety under Okawaru
  5870 | D:6      | Reached skill level 5 in Armour
  6218 | D:6      | Reached XP level 10. HP: 62/79 MP: 12/12
  6537 | D:7      | Found a radiant altar of Vehumet.
  6643 | D:7      | Noticed Jessica
  6650 | D:7      | Found a shimmering blue altar of Sif Muna.
  6657 | D:7      | Killed Jessica
  6781 | D:7      | Reached **** piety under Okawaru
  6781 | D:7      | Received a gift from Okawaru
  6796 | D:7      | Killed from afar by an orc priest

Illustrated notes

Levels and vault maps discovered:
D:1:      minmay_arrival_shattered_statue, layout_rooms
D:2:      layout_loops_ring, lemuel_doored_altar
D:3:      layout_basic, bloody_trog, minmay_misc_feat_columns
D:4:      layout_cave_pools, kennysheep_little_box, sigmund_edmund_badplayer,
          uniq_eustachio, uniq_crazy_yiuf_cottage, uniq_edmund, uniq_natasha
D:5:      layout_loops_cross, lemuel_crystal_altar, temple_doors_cd,
          kennysheep_dice
D:6:      layout_basic, nicolae_ru_the_path_less_chosen, uniq_prince_ribbit1
D:7:      layout_rooms, tgw_sif, lemuel_round_altar, vehumet_altar_wand_db
Temple:   minmay_temple_forest_path

Skill      XL: |  1  2  3  4  5  6  7  8  9 10 |
---------------+-------------------------------+-----
Shields        | 4 5 6 7 8 |  8.3
Fighting       | 4 5 6 7 |  7.5
Maces & Flails | 3 4 5 6 7 8 |  8.9
Evocations     | 1 3 4 |  4.3
Armour         | 5 |  5.6
Invocations    | 3 |  3.8
Stealth        | |  0.1

Action                   |  1- 3 |  4- 6 |  7- 9 | 10-12 || total
-------------------------+-------+-------+-------+-------++-------
Melee: Flail             |    67 |   110 |   206 |   117 ||   500
       Long sword        |    25 |       |       |       ||    25
Throw: Dart              |       |     7 |     6 |       ||    13
Invok: Heroism           |       |       |       |     1 ||     1
  Use: Scroll            |       |     1 |     9 |     2 ||    12
       Potion            |       |       |       |     3 ||     3
Armor: Scale mail        |    44 |    54 |     6 |       ||   104
       Chain mail        |       |       |    16 |    39 ||    55
Dodge: Dodged            |    26 |    95 |    57 |    55 ||   233
Block: Kite shield       |    67 |    87 |   123 |   107 ||   384
       Rpst.: Long sword |     1 |       |       |       ||     1

Table legend: (Time is in decaauts)
 A = Elapsed time spent in this place.
 B = Non-inter-level travel time spent in this place.
 C = Inter-level travel time spent in this place.
 D = Time resting spent in this place.
 E = Time spent auto-exploring this place.
 F = Levels seen in this place.
 G = Mean time per level.
                   A        B        C        D        E       F      G
               +--------+--------+--------+--------+--------+-----+--------+
         Total |   6868 |   6660 |    208 |    810 |   4428 |   8 |  858.5 |
       Dungeon |   6522 |   6368 |    154 |    810 |   4139 |   7 |  931.7 |
        Temple |    345 |    291 |     54 |      0 |    289 |   1 |  345.0 |
               +--------+--------+--------+--------+--------+-----+--------+

Top non-repeatable levels by time:
     D:4: 1708 daAuts
     D:6: 1147 daAuts
     D:5: 903 daAuts
     D:3: 838 daAuts
     D:2: 772 daAuts
     D:1: 659 daAuts
     D:7: 492 daAuts
  Temple: 345 daAuts
